AoeStats
← Horizon

Arabian Desert

508839205Analyzed
1v1 RM · 8d ago on Sep 24, 2026· 48m 43s· 2 players
Game mode
Random Map
Map size
Tiny (2 player)
Population
200
Speed
Normal
Resources
Standard
Victory
Conquest
Starting age
Dark Age
Ending age
Imperial Age
RankedLock teamsTeams togetherTeam positionsShared explorationLock speedFull tech treeHidden civsTurbo modeCheats
Victory
Defeat
🇵🇰 Saracens · Pakistan
1456
+15
🇺🇸 Britons · United States
1444
-15
JoRogue
7:09 Loom
9:03 Feudal Age
9:48 Double-Bit Axe
17:04 Fletching
18:09 Padded Archer Armor
22:40 Castle Age
20:59 Horse Collar
22:30 Gold Mining
23:34 Bow Saw
22:49 Crossbowman
23:27 Bodkin Arrow
25:36 Bow Saw
25:53 Leather Archer Armor
26:37 Ballistics
28:39 Gold Shaft Mining
32:29 Caravan
33:10 Wheelbarrow
33:18 Heavy Plow
33:33 Scale Barding Armor
32:50 Light Cavalry
39:33 Chain Barding Armor
45:02 Imperial Age
43:10 Stone Mining
43:46 Hand Cart
43:50 Town Watch
46:07 Conscription
45:55 Bracer
47:05 Chemistry
47:08 Two-Man Saw
47:11 Conscription
47:22 Ring Archer Armor
48:24 Plate Barding Armor
48:50 Forging
49:01 Husbandry
Horizon
5:46 Loom
5:52 Loom
9:28 Feudal Age
9:58 Double-Bit Axe
17:34 Fletching
18:57 Padded Archer Armor
20:29 Town Watch
23:44 Castle Age
22:47 Gold Mining
24:52 Bow Saw
25:01 Bodkin Arrow
24:28 Elite Skirmisher
26:24 Leather Archer Armor
28:49 Wheelbarrow
27:59 Horse Collar
29:20 Ballistics
30:20 Wheelbarrow
33:19 Light Cavalry
34:33 Bloodlines
34:24 Husbandry
34:47 Scale Barding Armor
36:53 Chain Barding Armor
43:09 Imperial Age
42:20 Heavy Plow
44:11 Bracer
45:18 Chemistry
44:53 Ring Archer Armor
45:22 Forging
45:56 Plate Barding Armor
46:00 Conscription
46:03 Husbandry
48:59 Chemistry
48:10 Masonry
Connection lost

Rejoining the realm…

Still unreachable

The connection could not be restored.

Session expired

The server has moved on; the page needs a fresh start.